 Dungeon Crawl Stone Soup version 0.18.1-48-g4cf74bf (webtiles) character file.

436 Ruka the Slasher (level 7, -8/81 HPs)
             Began as a Human Abyssal Knight on Sept 5, 2016.
             Was a Priest of Lugonu.
             Mangled by Pikel
             ... wielding a +1 whip of electrocution
              (17 damage)
             ... on level 3 of the Dungeon.
             The game lasted 00:27:06 (4558 turns).

Ruka the Slasher (Human Abyssal Knight)             Turns: 4558, Time: 00:27:07

Health: -8/81      AC: 23    Str: 14    XL:     7   Next: 21%
Magic:  0/8        EV:  2    Int: 12    God:    Lugonu [***...]
Gold:   143        SH:  0    Dex: 13    Spells: 0 memorised, 6 levels left

rFire  . . .     SeeInvis .     a - +1 falchion
rCold  . . .     Gourm    .     (armour currently unavailable)
rNeg   + + +     Faith    .     (no shield)
rPois  +         Spirit   +     (helmet currently unavailable)
rElec  .         Dismiss  .     (cloak currently unavailable)
rCorr  .         Reflect  .     (gloves currently unavailable)
SustAt .         Harm     .     (boots currently unavailable)
MR     .....     NoTele   +     p - amulet of guardian spirit
Stlth  +.........               (no ring)
                                (no ring)

@: tree-form (expiring), not resistant to hostile enchantments, very unstealthy
A: no striking features
a: Depart the Abyss, Bend Space, Banish, Renounce Religion


You were on level 3 of the Dungeon.
You worshipped Lugonu.
Lugonu was most pleased with you.
You were hungry.
You were a tree.
You visited 1 branch of the dungeon, and saw 4 of its levels.
You visited the Abyss 1 time.

You collected 143 gold pieces.

Inventory:

Hand Weapons
 a - a +1 falchion (weapon)
Armour
 b - a +0 leather armour
 d - a +0 plate armour (melded)
 l - a +0 helmet
 o - the +0 helmet "Mesutun" (melded) {Str+3 Dex+4}
   (You took it off Robin on level 3 of the Dungeon)

   It affects your strength (+3).
   It affects your dexterity (+4).
Jewellery
 p - an amulet of guardian spirit (around neck)
Wands
 r - a wand of digging (12/24)
Scrolls
 e - 3 scrolls of teleportation
 n - 2 scrolls of remove curse
Potions
 h - a potion of brilliance
Comestibles
 c - 2 bread rations
 f - 7 chunks of flesh
 m - a meat ration
 q - 3 beef jerkies
 s - 3 fruits


   Skills:
 - Level 4.0 Fighting
 + Level 6.6 Long Blades
 - Level 2.1 Armour
 - Level 1.1 Dodging
 - Level 2.0 Invocations


You had 6 spell levels left.
You didn't know any spells.

Dungeon Overview and Level Annotations

Branches:
Dungeon (4/15)
 Temple: D:4-7

Altars:
Nemelex Xobeh
The Shining One

Annotations:
D:3 Pikel


Message History

You are feeling hungry.
Drink which item? (? for menu, Esc to quit)
You feel better.
You cannot move.
Drink which item? (? for menu, Esc to quit)
You feel better.
You slash Pikel!
Pikel is almost dead.
Pikel hits you but does no damage.
You barely miss Pikel.
Pikel is almost dead.
Pikel hits you but does no damage.
You hit Pikel but do no damage.
Pikel is almost dead.
Pikel hits you but does no damage.
You are electrocuted!
* * * LOW HITPOINT WARNING * * *
You closely miss Pikel.
Pikel is almost dead.
Pikel hits you but does no damage.
You are electrocuted!
You die...

##### ######### ....# #.......#
....# #.......# ....# #.......#
....#######.......###############
................♣K...>.(.....))).
....#######.......#############)#
..........#.......# #.#
..........#.......# #.#
..........######### #.#
.......... #.# .......... #.#
########## #.# ###### #.#


You could see Pikel.

Vanquished Creatures
  The ghost of Ruka the Slasher, an amateur HuAK of Lugonu (D:3)
  An orc priest (D:4)
  A worker ant (D:4)
  Ijyb (D:3)
  Robin (D:3)
  3 gnolls
  5 adders
  5 oozes
  A dart slug (D:2)
  4 worms
  A giant gecko (D:2)
  12 orcs
  10 bats
  4 giant cockroaches
  13 hobgoblins
  2 jackals (D:2)
  9 kobolds
  A quokka (D:3)
  A ball python (D:3)
  3 giant newts
  17 goblins
  A jackal skeleton (D:3)
  6 rats
103 creatures vanquished.

Notes
Turn   | Place    | Note
--------------------------------------------------------------
     0 | Abyss:1  | Ruka the Human Abyssal Knight began the quest for the Orb.
     0 | Abyss:1  | Reached XP level 1. HP: 18/18 MP: 2/2
     1 | D:1      | Escaped the Abyss
   135 | D:1      | Reached XP level 2. HP: 23/24 MP: 3/3
   178 | D:1      | Reached * piety under Lugonu
   307 | D:1      | Reached skill level 3 in Long Blades
   307 | D:1      | Reached XP level 3. HP: 17/29 MP: 4/4
   602 | D:1      | Found a sparkling altar of Nemelex Xobeh.
  1301 | D:2      | Reached XP level 4. HP: 35/35 MP: 5/5
  1451 | D:2      | Reached ** piety under Lugonu
  2088 | D:2      | Reached XP level 5. HP: 29/42 MP: 6/6
  2230 | D:2      | Reached skill level 4 in Long Blades
  2342 | D:2      | Found a glowing golden altar of the Shining One.
  2698 | D:3      | Noticed Robin
  2718 | D:3      | Killed Robin
  2738 | D:3      | Got a dazzling helmet
  2749 | D:3      | Identified the +0 helmet "Mesutun" {Str+3 Dex+4} (You took it off Robin on level 3 of the Dungeon)
  3097 | D:3      | Noticed Ruka's ghost (amateur HuAK)
  3130 | D:3      | Killed Ruka's ghost
  3130 | D:3      | Reached skill level 5 in Long Blades
  3130 | D:3      | Reached XP level 6. HP: 21/48 MP: 3/7
  3404 | D:3      | Reached *** piety under Lugonu
  3483 | D:3      | Noticed Ijyb
  3494 | D:3      | Killed Ijyb
  3494 | D:3      | Reached skill level 6 in Long Blades
  4057 | D:4      | Reached XP level 7. HP: 51/54 MP: 8/8
  4487 | D:4      | Noticed Pikel
  4551 | D:3      | HP: 3/81 [Pikel/whip of electrocution (11)]
  4558 | D:3      | Mangled by Pikel

Skill      XL: |  1  2  3  4  5  6 |
---------------+-------------------+-----
Long Blades    | 3 5 6 |  6.6
Fighting       | 4 |  4.0
Armour         | |  2.1
Dodging        | |  1.1
Invocations    | |  2.0

Action                   |  1- 3 |  4- 6 |  7- 9 || total
-------------------------+-------+-------+-------++-------
Melee: Falchion          |    89 |   302 |    94 ||   485
Invok: Depart the Abyss  |     1 |       |       ||     1
       Bend Space        |       |     1 |     1 ||     2
  Use: Scroll            |     3 |     6 |     2 ||    11
       Potion            |       |     1 |     3 ||     4
  Eat: Chunk             |     2 |     4 |     1 ||     7
       Beef jerky        |       |     1 |       ||     1
       Bread ration      |       |     1 |       ||     1
Armor: Leather armour    |    38 |    31 |       ||    69
       Plate armour      |       |   151 |    41 ||   192
       Skin              |       |       |    26 ||    26
Dodge: Dodged            |    62 |   114 |    20 ||   196
